 Dungeon Crawl Stone Soup version 0.21-a0-630-g344d351 (webtiles) character file.

5020 wvc the Fighter (level 10, -2/85 HPs)
             Began as a Gnoll Wanderer on Dec 26, 2017.
             Was an Elder of Okawaru.
             Slain by a small abomination (13 damage)
             ... summoned by the capriciousness of Xom
             ... on level 9 of the Dungeon.
             The game lasted 00:20:08 (9614 turns).

wvc the Fighter (Gnoll Wanderer)                    Turns: 9614, Time: 00:20:08

Health: -2/85      AC: 12    Str: 19    XL:     10   Next: 55%
Magic:  15/17      EV: 18    Int: 21    God:    Okawaru [****..]
Gold:   647        SH:  0    Dex: 12    Spells: 19/19 levels left

rFire    . . .     SeeInvis .   r - +5 long sword (freeze)
rCold    . . .     Gourm    .   (no shield)
rNeg     . . .     Faith    +   g - +3 leather armour
rPois    +         Spirit   .   j - +0 helmet
rElec    .         Reflect  .   (no cloak)
rCorr    .         Harm     .   (no gloves)
MR       .....                  l - +2 pair of boots
Stlth    +++++.....             q - amulet of faith
HPRegen  0.24/turn              A - ring of poison resistance
MPRegen  0.15/turn              (no ring)

@: mighty, heroism, hasted, very quick
A: distributed training, fangs 1, strong nose
a: Heroism, Renounce Religion


You were on level 9 of the Dungeon.
You worshipped Okawaru.
Okawaru was greatly pleased with you.
You were not hungry.

You visited 1 branch of the dungeon, and saw 9 of its levels.

You collected 647 gold pieces.

Inventory:

Hand Weapons
 r - a +5 long sword of freezing (weapon)
 s - a +0 blowgun
 t - a +1 whip of venom
 u - a +4 trident of freezing
Missiles
 m - 39 poisoned needles
 x - 7 poisoned javelins (quivered)
Armour
 g - a +3 leather armour (worn)
 j - a +0 helmet (worn)
 l - a +2 pair of boots (worn)
Jewellery
 q - an amulet of faith (around neck)
 A - a ring of poison resistance (left hand)
Wands
 b - a wand of random effects (44)
 d - a wand of disintegration (15)
 v - a wand of acid (7)
 w - a wand of iceblast (6)
Scrolls
 a - a scroll of amnesia
 o - a scroll of blinking
 p - 7 scrolls of identify
 C - a scroll of torment {unknown}
Potions
 e - 6 potions of curing
 h - 2 potions of brilliance
 i - a potion of flight
 k - 2 potions of haste
 n - a potion of resistance {unknown}
 z - a potion of degeneration {unknown}
Comestibles
 f - 10 rations


   Skills:
 + Level 10.0(15.0) Fighting
 + Level 8.5(13.5) Short Blades
 + Level 5.3(10.3) Long Blades
 + Level 5.3(10.3) Axes
 + Level 5.3(10.3) Maces & Flails
 + Level 5.3(10.3) Polearms
 + Level 5.3(10.3) Staves
 + Level 5.3(10.3) Slings
 + Level 5.3(10.3) Bows
 + Level 5.3(10.3) Crossbows
 + Level 5.3(10.3) Throwing
 + Level 5.3(10.3) Armour
 + Level 5.9(10.9) Dodging
 + Level 6.8(11.8) Stealth
 + Level 5.3(10.3) Shields
 + Level 5.3(10.3) Unarmed Combat
 + Level 5.3 Spellcasting
 + Level 4.3 Conjurations
 + Level 4.3 Hexes
 + Level 4.3 Charms
 + Level 4.3 Summonings
 + Level 4.3 Necromancy
 + Level 4.3 Translocations
 + Level 4.3 Transmutations
 + Level 4.3 Fire Magic
 + Level 4.3 Ice Magic
 + Level 4.3 Air Magic
 + Level 4.3 Earth Magic
 + Level 4.3 Poison Magic
 + Level 5.8 Invocations
 + Level 5.3 Evocations


You had 19 spell levels left.
You didn't know any spells.

Dungeon Overview and Level Annotations

Branches:
Dungeon (9/15)             Temple (0/1) D:7            Lair (0/6) D:8
    Orc: D:9-12

Altars:
Elyvilon
Fedhas
Gozag
Hepliaklqana
Kikubaaqudgha
Okawaru
Qazlal
Uskayaw
Vehumet
Xom


Innate Abilities, Weirdness & Mutations

Your experience applies equally to all skills.
You have very sharp teeth.
Your uncanny sense of smell can sniff out nearby items.


Message History

The small abomination is severely damaged.
There is an open door here.
You completely miss the small abomination.
The small abomination closely misses you.
You hit the small abomination. You freeze the small abomination.
The small abomination is lightly damaged.
The small abomination hits you.
* * * LOW HITPOINT WARNING * * *
You barely miss the small abomination. Your bite misses the small abomination.
The small abomination is severely damaged.
The small abomination hits you but does no damage.
You hit the small abomination. You freeze the small abomination.
The small abomination is severely damaged.
The small abomination hits you!
* * * LOW HITPOINT WARNING * * *
The small abomination closely misses you.
You slash the small abomination! You freeze the small abomination.
You destroy the small abomination!
The small abomination hits you!
You die...

###########
...h...<..###
..........@x# ∆
..........#..#
..........##....
..........#
###.#
..........# ..
+########## ##


You could see a black bear (sleeping) and a small abomination.

Vanquished Creatures
  A two-headed ogre (D:5)
  Sigmund (D:2)
  3 hogs (D:7)
  A human (D:7)
  5 yaks
  2 wargs (D:7)
  Duvessa (D:6)
  A sky beast (D:8)
  A black bear (D:7)
  An orc warrior (D:8)
  3 ogres
  A phantom (D:4)
  Blork the orc (D:4)
  A bullfrog (D:6)
  Dowan (D:6)
  A scorpion (D:5)
  2 howler monkeys
  11 wights
  An electric eel (D:6)
  6 crimson imps
  3 orc priests
  A jelly (D:5)
  3 hounds
  A centaur zombie (D:5)
  A gnoll shaman (D:8)
  An iguana (D:5)
  4 worker ants
  4 orc wizards
  A hound zombie (D:5)
  A hound skeleton (D:3)
  A howler monkey zombie (D:8)
  Robin (D:2)
  17 gnolls
  A worker ant zombie (D:6)
  8 adders
  4 shadow imps
  An ooze (D:4)
  An adder zombie (D:5)
  An adder skeleton (D:5)
  2 worms
  6 leopard geckos
  19 orcs
  5 giant cockroaches
  43 goblins
  20 hobgoblins
  7 jackals
  5 quokkas
  3 ball pythons
  9 bats
  5 frilled lizards
  15 kobolds
  A leopard gecko skeleton (D:5)
  6 rats
246 creatures vanquished.

Notes
Turn   | Place    | Note
-------+----------+-------------------------------------------
     0 | D:1      | wvc the Gnoll Wanderer began the quest for the Orb.
     0 | D:1      | wvc set off with: a +2 short sword, a +0 ring mail, a potion of lignification, a +0 dagger, a ration
     0 | D:1      | Reached XP level 1. HP: 26/26 MP: 1/1
   128 | D:1      | Reached XP level 2. HP: 30/33 MP: 2/2
   367 | D:1      | Found an opulent altar of Gozag.
   556 | D:2      | Reached XP level 3. HP: 38/38 MP: 3/3
   811 | D:2      | Found a faded altar of an unknown god.
   811 | D:2      | Noticed Sigmund
   846 | D:2      | Killed Sigmund
   846 | D:2      | Reached skill level 1 in Long Blades
   846 | D:2      | Reached skill level 1 in Axes
   846 | D:2      | Reached skill level 1 in Maces & Flails
   846 | D:2      | Reached skill level 1 in Polearms
   846 | D:2      | Reached skill level 1 in Staves
   846 | D:2      | Reached skill level 1 in Slings
   846 | D:2      | Reached skill level 1 in Bows
   846 | D:2      | Reached skill level 1 in Crossbows
   846 | D:2      | Reached skill level 1 in Throwing
   846 | D:2      | Reached skill level 1 in Armour
   846 | D:2      | Reached skill level 1 in Shields
   846 | D:2      | Reached skill level 1 in Unarmed Combat
   846 | D:2      | Reached skill level 1 in Spellcasting
   846 | D:2      | Reached skill level 1 in Conjurations
   846 | D:2      | Reached skill level 1 in Hexes
   846 | D:2      | Reached skill level 1 in Charms
   846 | D:2      | Reached skill level 1 in Summonings
   846 | D:2      | Reached skill level 1 in Necromancy
   846 | D:2      | Reached skill level 1 in Translocations
   846 | D:2      | Reached skill level 1 in Transmutations
   846 | D:2      | Reached skill level 1 in Fire Magic
   846 | D:2      | Reached skill level 1 in Ice Magic
   846 | D:2      | Reached skill level 1 in Air Magic
   846 | D:2      | Reached skill level 1 in Earth Magic
   846 | D:2      | Reached skill level 1 in Poison Magic
   846 | D:2      | Reached skill level 1 in Invocations
   846 | D:2      | Reached skill level 1 in Evocations
   846 | D:2      | Reached XP level 4. HP: 31/45 MP: 3/6
   846 | D:2      | Reached XP level 5. HP: 36/51 MP: 3/7
   854 | D:2      | Became a worshipper of Xom the Tricky
   858 | D:2      | Noticed Robin
   968 | D:1      | XOM: harmless Conj miscast
  1003 | D:1      | XOM: silly message
  1008 | D:1      | XOM: divination: detect creatures
  1012 | D:1      | XOM: stat loss: -1 Dex (11/12)
  1029 | D:2      | Killed Robin
  1034 | D:2      | Found an iron altar of Okawaru.
  1055 | D:2      | XOM: cloud trail
  1082 | D:2      | Reached XP level 6. HP: 57/57 MP: 8/8
  1117 | D:2      | Fell from the grace of Xom
  1117 | D:2      | Became a worshipper of Warmaster Okawaru
  1691 | D:3      | Found an opulent altar of Gozag.
  2083 | D:3      | XOM: severe Summ miscast
  2084 | D:3      | Noticed a red devil
  2084 | D:3      | Noticed a chaos spawn
  2383 | D:4      | Found a blossoming altar of Fedhas.
  2385 | D:4      | Found an ancient bone altar of Kikubaaqudgha.
  2422 | D:4      | XOM: summons 2 hostile shadow creatures
  2546 | D:4      | Noticed Blork the orc
  2562 | D:4      | Killed Blork the orc
  2562 | D:4      | Reached XP level 7. HP: 10/63 MP: 10/10
  2857 | D:4      | Reached * piety under Okawaru
  3355 | D:4      | XOM: stat loss: -3 Int (16/19)
  3493 | D:4      | XOM: summons 1 hostile demon
  3574 | D:5      | Entered Level 5 of the Dungeon
  3627 | D:5      | Reached skill level 5 in Stealth
  3747 | D:5      | Found a hide-covered altar of Uskayaw.
  3769 | D:5      | Reached skill level 9 in Fighting
  3807 | D:5      | XOM: 5-stop teleportation journey
  3980 | D:5      | Reached XP level 8. HP: 71/71 MP: 12/12
  4035 | D:5      | Noticed a yak
  4035 | D:5      | Noticed a yak
  4036 | D:5      | Noticed a yak
  4037 | D:5      | Noticed a yak
  4068 | D:5      | Killed a yak
  4068 | D:5      | Reached ** piety under Okawaru
  4077 | D:5      | Killed a yak
  4092 | D:5      | Killed a yak
  4092 | D:5      | Reached *** piety under Okawaru
  4103 | D:5      | Killed a yak
  4250 | D:5      | XOM: mild Conj miscast
  4524 | D:5      | Noticed a two-headed ogre
  4553 | D:5      | Killed a two-headed ogre
  4553 | D:5      | Received a gift from Okawaru
  4553 | D:5      | Received a gift from Okawaru
  4553 | D:5      | Reached XP level 9. HP: 38/77 MP: 13/15
  4628 | D:5      | XOM: mild Air miscast
  5094 | D:5      | XOM: harmless Pois miscast
  5143 | D:5      | XOM: silly message
  5164 | D:5      | XOM: harmless Chrm miscast
  5584 | D:6      | Reached skill level 5 in Dodging
  5585 | D:6      | XOM: harmless Pois miscast
  5671 | D:6      | Reached **** piety under Okawaru
  5694 | D:6      | XOM: harmless Necr miscast
  6666 | D:6      | Noticed Dowan
  6667 | D:6      | Noticed Duvessa
  6728 | D:6      | Killed Duvessa
  6737 | D:6      | Killed Dowan
  6737 | D:6      | Reached skill level 5 in Invocations
  7058 | D:6      | XOM: noise
  7289 | D:7      | XOM: noise
  7386 | D:7      | XOM: harmless Necr miscast
  7457 | D:7      | XOM: divination: magic mapping
  7566 | D:7      | Received a gift from Okawaru
  7799 | D:7      | Found a stormy altar of Qazlal.
  7815 | D:7      | Reached XP level 10. HP: 81/84 MP: 15/17
  7922 | D:7      | Found a white marble altar of Elyvilon.
  7968 | D:7      | Found a staircase to the Ecumenical Temple.
  8012 | D:7      | Found a radiant altar of Vehumet.
  8012 | D:7      | Found a shimmering altar of Xom.
  8199 | D:7      | Reached skill level 5 in Long Blades
  8199 | D:7      | Reached skill level 5 in Axes
  8199 | D:7      | Reached skill level 5 in Maces & Flails
  8199 | D:7      | Reached skill level 5 in Polearms
  8199 | D:7      | Reached skill level 5 in Staves
  8199 | D:7      | Reached skill level 5 in Slings
  8199 | D:7      | Reached skill level 5 in Bows
  8199 | D:7      | Reached skill level 5 in Crossbows
  8199 | D:7      | Reached skill level 5 in Throwing
  8199 | D:7      | Reached skill level 5 in Armour
  8199 | D:7      | Reached skill level 5 in Shields
  8199 | D:7      | Reached skill level 5 in Unarmed Combat
  8199 | D:7      | Reached skill level 5 in Spellcasting
  8199 | D:7      | Reached skill level 5 in Evocations
  8924 | D:7      | Reached skill level 10 in Fighting
  8928 | D:7      | Received a gift from Okawaru
  8959 | D:7      | XOM: mild Air miscast
  9312 | D:7      | XOM: noise
  9361 | D:8      | Found a staircase to the Lair.
  9430 | D:8      | Found a hazy altar of Hepliaklqana.
  9542 | D:8      | XOM: medium Summ miscast
  9602 | D:9      | XOM: medium Summ miscast
  9602 | D:9      | Was forgiven by Xom
  9614 | D:9      | Slain by a small abomination

Vault maps used:
D:1:      sevenhm_arrival_forest_fort_small_6, minmay_unequal
D:2:      chequers_ecumenical_altar_simple_redux, okawaru_metal_pillars_1_2,
          uniq_robin, uniq_sigmund
D:3:      lemuel_round_altar, first_ration
D:4:      grunt_temple_overflow_growth_and_decay, kennysheep_generic_room_9,
          uniq_blork_the_orc
D:5:      basic_altar, bh_walls_and_bars
D:6:      minmay_goblin_kobold_castle, uniq_duvessa
D:7:      overflow_temple_1_default, kennysheep_little_box,
          gammafunk_temple_overflow_elements, temple_hall, grunt_livestock
D:8:      nicolae_overflow_crystal_walls, erik_lair_orcish_takeover

Skill      XL: |  1  2  3  4  5  6  7  8  9 10 |
---------------+-------------------------------+-----
Long Blades    | 1 2 4 5 |  5.3
Axes           | 1 2 4 5 |  5.3
Maces & Flails | 1 2 4 5 |  5.3
Polearms       | 1 2 4 5 |  5.3
Staves         | 1 2 4 5 |  5.3
Slings         | 1 2 4 5 |  5.3
Bows           | 1 2 4 5 |  5.3
Crossbows      | 1 2 4 5 |  5.3
Throwing       | 1 2 4 5 |  5.3
Armour         | 1 2 4 5 |  5.3
Dodging        | 3 4 5 |  5.9
Shields        | 1 2 4 5 |  5.3
Unarmed Combat | 1 2 4 5 |  5.3
Spellcasting   | 1 2 4 5 |  5.3
Conjurations   | 1 2 3 4 |  4.3
Hexes          | 1 2 3 4 |  4.3
Charms         | 1 2 3 4 |  4.3
Summonings     | 1 2 3 4 |  4.3
Necromancy     | 1 2 3 4 |  4.3
Translocations | 1 2 3 4 |  4.3
Transmutations | 1 2 3 4 |  4.3
Fire Magic     | 1 2 3 4 |  4.3
Ice Magic      | 1 2 3 4 |  4.3
Air Magic      | 1 2 3 4 |  4.3
Earth Magic    | 1 2 3 4 |  4.3
Poison Magic   | 1 2 3 4 |  4.3
Invocations    | 1 2 3 4 5 |  5.8
Evocations     | 1 2 4 5 |  5.3
Short Blades   | 7 8 |  8.5
Stealth        | 5 6 |  6.8
Fighting       | 9 10 | 10.0

Action                   |  1- 3 |  4- 6 |  7- 9 | 10-12 || total
-------------------------+-------+-------+-------+-------++-------
Melee: Short sword       |    80 |   120 |       |       ||   200
       Bite              |     9 |    17 |    59 |    18 ||   103
       Whip              |       |    40 |   344 |       ||   384
       Punch             |       |     1 |     8 |     5 ||    14
       Long sword        |       |       |   166 |   161 ||   327
Invok: Heroism           |       |       |     3 |     3 ||     6
Evoke: Wand              |       |       |     6 |       ||     6
  Use: Potion            |     4 |     1 |     3 |     4 ||    12
       Scroll            |       |     3 |     8 |     1 ||    12
 Stab: Distracted        |     1 |       |       |       ||     1
       Sleeping          |       |     9 |     8 |     5 ||    22
       Invisible         |       |       |       |     3 ||     3
  Eat: Chunk             |       |     5 |    12 |     2 ||    19
       Ration            |       |       |     2 |     1 ||     3
Armor: Ring mail         |     2 |       |       |       ||     2
       Leather armour    |    12 |    44 |   132 |    64 ||   252
       Skin              |       |       |    23 |       ||    23
Dodge: Dodged            |    43 |    76 |   321 |   147 ||   587
       Rpst.: Long sword |       |       |    38 |    46 ||    84

Table legend:
 A = Spawn XP
 B = Non-spawn XP
 C = Spawn XP percentage of total XP
 D = Spawn monster count
 E = Non-spawn monster count
 F = Spawn count percentage of total count
 G = Total turns spent on level
                    A         B        C        D         E        F      G
               +---------+---------+-------+---------+---------+-------+---------
         Total |       0 |    7172 |   0.0 |       0 |     246 |   0.0 |  9614
               +---------+---------+-------+---------+---------+-------+---------
           D:1 |       0 |      44 |   0.0 |       0 |      28 |   0.0 |   605
           D:2 |       0 |     291 |   0.0 |       0 |      20 |   0.0 |   971
           D:3 |       0 |     190 |   0.0 |       0 |      24 |   0.0 |   802
           D:4 |       0 |     445 |   0.0 |       0 |      18 |   0.0 |  1196
           D:5 |       0 |    2223 |   0.0 |       0 |      33 |   0.0 |  1835
           D:6 |       0 |    1100 |   0.0 |       0 |      75 |   0.0 |  1901
           D:7 |       0 |    2355 |   0.0 |       0 |      32 |   0.0 |  1994
           D:8 |       0 |     524 |   0.0 |       0 |      16 |   0.0 |   264
               +---------+---------+-------+---------+---------+-------+---------
